 Dungeon Crawl Stone Soup version 0.30-a0-34-gbe8da3892a (webtiles) character file.

Game seed: 4595411459190988753

31804 Shayle the Fighter (level 13, -2/123 HPs)
             Began as a Naga Ice Elementalist on Aug 27, 2022.
             Was an Initiate of Gozag.
             Killed from afar by an oklob plant (36 damage)
             ... with a splash of acid
             ... on level 3 of the Lair of Beasts.
             The game lasted 01:07:24 (20672 turns).

Shayle the Fighter (Naga Ice Elementalist)         Turns: 20672, Time: 01:07:25

Health: -2/123     AC:  8    Str: 10    XL:     13   Next: 60%
Magic:  17/32      EV: 13    Int: 29    God:    Gozag
Gold:   1370       SH:  5    Dex: 15    Spells: 2/26 levels left

rFire   . . .      SeeInvis +    X - +5 demon trident (elec)
rCold   . . .      Faith    .    (no shield)
rNeg    + + .      Spirit   .    x - +1 leather armour of the Endless Expanse {Rampage rN+ Int+4 Dex+2}
rPois   +          Reflect  +    h - +2 helmet
rElec   .          Harm     .    v - +2 ratskin cloak {*Rats rPois rN+ Str-1 Int-1 Dex+1}
rCorr   .          Rampage  +    s - +2 pair of gloves
Will    +....                    (no barding)
Stlth   ++++......               Q - amulet of reflection
HPRegen 0.30/turn                K - ring of magical power
MPRegen 0.23/turn                L - +6 ring of intelligence

@: corroded, very slightly contaminated, very slow
A: AC +4, large, see invisible, deformed body, poison resistance, slowness 2,
spit poison 1, naga tail 2
a: Spit Poison, Renounce Religion, Potion Petition, Call Merchant, Bribe Branch


You were on level 3 of the Lair of Beasts.
You worshipped Gozag.
Gozag was most pleased with you.
You visited 3 branches of the dungeon, and saw 16 of its levels.
You also visited: Gauntlet.

You collected 2405 gold pieces.
You spent 416 gold pieces at shops.
You paid 619 gold pieces to Gozag.

Inventory:

Hand Weapons
 i - the +1 lajatang of Buuqenia {vorpal, rElec rC+}
   (You found it in a Gauntlet)

   It inflicts extra damage upon your enemies.
   rC:        It protects you from cold.
   rElec:     It insulates you from electricity.
 E - the +6 dagger of Impeachment {vorpal, +Blink rF+ Will+ Int-3 Dex+7}
   (You found it on level 6 of the Dungeon)

   It inflicts extra damage upon your enemies.
   Int:       It affects your intelligence (-3).
   Dex:       It affects your dexterity (+7).
   rF:        It protects you from fire.
   +Blink:    It lets you blink.
   Will:      It increases your willpower.
 X - a +5 demon trident of electrocution (weapon)
Missiles
 I - 4 boomerangs of dispersal
 Y - 2 silver javelins
Armour
 h - a +2 helmet (worn)
 s - a +2 pair of gloves (worn)
 v - the +2 ratskin cloak (worn) {*Rats rPois rN+ Str-1 Int-1 Dex+1}
   (You found it on level 6 of the Dungeon)

   When the wearer is hurt, rats may emerge from it to assist them.
   Str:       It affects your strength (-1).
   Int:       It affects your intelligence (-1).
   Dex:       It affects your dexterity (+1).
   rPois:     It protects you from poison.
   rN:        It protects you from negative energy.
 x - the +1 leather armour of the Endless Expanse (worn) {Rampage rN+ Int+4 Dex+2}
   (You found it on level 3 of the Dungeon)

   Int:       It affects your intelligence (+4).
   Dex:       It affects your dexterity (+2).
   rN:        It protects you from negative energy.
   Rampage:   It bestows one free step when moving towards enemies.
 B - an orb of guile
 N - a +3 leather armour of cold resistance
 S - a +0 cloak
Jewellery
 H - a ring of resist corrosion
 K - a ring of magical power (left hand)
 L - a +6 ring of intelligence (right hand)
 Q - an amulet of reflection (around neck)
 W - the amulet of Xasobuw {rPois Regen+ Slay+3}
   (You took it off a minotaur in a Gauntlet)

   [amulet of regeneration]

   Slay:      It affects your accuracy & damage with ranged weapons and melee
   (+3).
   rPois:     It protects you from poison.
   Regen:     It increases your rate of health regeneration.
Wands
 y - a wand of digging (7)
 M - a wand of paralysis (29)
 O - a wand of mindburst (1)
 R - a wand of flame (7)
Scrolls
 g - 7 scrolls of teleportation
 k - 4 scrolls of amnesia
 l - 2 scrolls of blinking
 p - 4 scrolls of magic mapping
 A - 2 scrolls of fog
 P - 3 scrolls of torment
 U - 3 scrolls of identify
Potions
 a - a potion of cancellation
 b - 2 potions of magic
 c - 2 potions of flight
 d - 4 potions of lignification
 e - 5 potions of curing
 f - a potion of invisibility
 n - 3 potions of haste
 o - 8 potions of ambrosia
 r - 2 potions of brilliance
 w - 2 potions of mutation
 C - a potion of resistance
 F - a potion of might


   Skills:
 + Level 10.3 Fighting
 + Level 2.4 Armour
 - Level 8.4 Dodging
 - Level 8.0 Stealth
 + Level 6.1 Unarmed Combat
 - Level 7.1 Spellcasting
 - Level 8.4 Conjurations
 + Level 3.0 Necromancy
 - Level 4.5 Fire Magic
 - Level 8.4 Ice Magic
 - Level 6.2 Air Magic
 + Level 3.0 Earth Magic


You had 2 spell levels left.
You knew the following spells:

 Your Spells              Type           Power      Damage    Failure   Level
a - Freeze                Ice            100%       1d11      1%          1
b - Frozen Ramparts       Ice            100%       1d16      1%          3
c - Ozocubu's Armour      Ice            56%        N/A       1%          3
d - Hailstorm             Conj/Ice       56%        3d12      1%          4
e - Airstrike             Air            23%        2d(4-20)  5%          4
f - Sticky Flame          Conj/Fire      47%        2d6       4%          4
g - Borgnjor's Vile Clut  Necr/Erth      13%        N/A       47%         5

Your spell library contained the following spells:

 Spells                   Type           Power      Damage    Failure   Level
 Static Discharge         Conj/Air       100%       3-10/arc  1%          2
 Beastly Appendage        Tmut           20%        N/A       7%          1
 Wereblood                Tmut           10%        N/A       10%         2
 Lightning Bolt           Conj/Air       25%        1d41      9%          5
 Dispel Undead            Necr           27%        3d13      19%         4
 Summon Lightning Spire   Summ/Air       28%        N/A       19%         4
 Gell's Gravitas          Tloc           10%        N/A       21%         3
 Spider Form              Tmut/Pois      10%        N/A       21%         3
 Teleport Other           Tloc           10%        N/A       21%         3
 Animate Armour           Summ/Erth      38%        N/A       34%         4
 Petrify                  Tmut/Erth      19%        N/A       34%         4
 Iron Shot                Conj/Erth      21%        9d5       67%         6
 Blade Hands              Tmut           5%         N/A       88%         5
 Summon Forest            Summ/Tloc      5%         N/A       88%         5
 Summon Mana Viper        Hex/Summ       10%        N/A       88%         5
 Dispersal                Tloc           5%         N/A       100%        6
 Summon Cactus Giant      Summ           5%         N/A       100%        6
 Lehudib's Crystal Spear  Conj/Erth      21%        10d6      100%        8


Dungeon Overview and Level Annotations

Branches:
Dungeon (12/15)            Temple (1/1) D:5            Lair (3/5) D:10
  Swamp (0/4) Lair:2          Orc (0/2) D:11        Gauntlet (visited)
  Snake: Lair:2-3    Spider: Lair:2-3

Altars:
Ashenzari
Cheibriados
Dithmenos
Elyvilon
Fedhas
Gozag
Hepliaklqana
Kikubaaqudgha
Makhleb
Nemelex Xobeh
Okawaru
Qazlal
Ru
Sif Muna
Trog
Uskayaw
Vehumet
Wu Jian
Xom
Yredelemnul
Zin
The Shining One

Shops:
D:1 =   D:9 *   D:10 [

Annotations:
Lair:3 3 runed translucent doors, exclusion: oklob plant, Xiutytse's ghost, journeyman GnDe


Innate Abilities, Weirdness & Mutations

Your serpentine skin is tough. (AC +4)
You have supernaturally acute eyesight. (SInv)
Armour fits poorly on your strangely shaped body.
Your system is resistant to poisons. (rPois)
You cover ground very slowly.
You can spit poison.
You can use your snake-like lower body to constrict enemies.


Message History

Casting: Airstrike (mildly dangerous; 5% risk of failure)
Confirm with . or Enter, or press ? or * to list all spells.
Aiming: Airstrike (mildly dangerous; 5% risk of failure)
Press: ? - help, Dir - move target, f/p - oklob plant
Aim: an oklob plant (moderately damaged, empty space bonus: 8/8)
The air twists around and strikes the oklob plant!!
The oklob plant is severely damaged.
The oklob plant spits acid at you. The splash of acid hits you!!
Casting: Airstrike (mildly dangerous; 5% risk of failure)
Confirm with . or Enter, or press ? or * to list all spells.
Aiming: Airstrike (mildly dangerous; 5% risk of failure)
Press: ? - help, Dir - move target, f/p - oklob plant
Aim: an oklob plant (heavily damaged, empty space bonus: 8/8)
You miscast Airstrike.
You are very lightly contaminated with residual magic.
There is a short, sharp shower of sparks.
A river rat scurries out from under your cloak.
The oklob plant spits acid at you. The splash of acid hits you!!
A hell rat scurries out from under your cloak.
The acid corrodes you!
Casting: Airstrike (mildly dangerous; 5% risk of failure)
Confirm with . or Enter, or press ? or * to list all spells.
Aiming: Airstrike (mildly dangerous; 5% risk of failure)
Press: ? - help, Dir - move target, f/p - oklob plant
Aim: an oklob plant (heavily damaged, ally target, empty space bonus: 8/8)
The air twists around and strikes the oklob plant!!
The oklob plant is almost destroyed.
The oklob plant spits acid at you. The splash of acid hits you!!
The oklob plant spits acid at you. The splash of acid hits you!!
* * * LOW HITPOINT WARNING * * *
Unknown command.
You feel much better. The oklob plant spits acid at you.
The splash of acid hits you!!!
You die...
Your body crumbles into a pile of gold.

.......#..##
#...................#.#
#........P......$.....##
#.....$................#
#.^......rr.P..........#
...........?...........
#....................
#.............#....
#.@.## ##.....####.
#....# #..... #.#
###..## ###### ###
#.#..## ####.. #....##
#..#..
#####....##########...
##..............#.#...#
#.#...............#...#
##..............#..#>.⌠#


You could see an oklob plant (ally target), a friendly hell rat and a friendly
river rat.

Vanquished Creatures
  A minotaur (Gauntlet)
  2 catoblepae
  A hydra (D:11)
  2 two-headed ogres
  A fire crab (Gauntlet)
  An orc knight (D:10)
  A necromancer (Gauntlet)
  Pikel (D:8)
  3 ugly things
  3 manticores
  Maurice (D:10)
  9 elephants
  Joseph (D:9)
  2 black mambas
  6 komodo dragons
  8 cane toads
  Psyche (D:12)
  Maggie (D:7)
  A kobold demonologist (D:11)
  An unseen horror (D:11)
  A queen bee (D:9)
  5 trolls
  4 hornets
  A polar bear (Lair:3)
  9 blink frogs (Lair:3)
  Grinder (D:3)
  4 shadows
  8 yaks
  2 wraiths
  4 fire bats (Gauntlet)
  Grum (D:11)
  3 steam dragons
  A basilisk (Lair:3)
  A vampire mosquito (D:10)
  3 wargs (D:10)
  Menkaure (D:7)
  An acid dragon (D:9)
  7 water moccasins
  2 orc warriors
  An ice beast (D:8)
  A black bear (D:5)
  16 wolves
  4 ogres
  2 centaurs (D:7)
  A phantom (D:5)
  A lemure (D:8)
  8 bullfrogs
  A gnoll sergeant (D:11)
  2 scorpions
  A kobold brigand (D:7)
  2 necrophages
  26 killer bees
  6 electric eels (Lair:2)
  6 howler monkeys
  3 hounds
  7 orc priests
  A jelly (D:7)
  A gnoll bouda (D:10)
  An iguana (D:5)
  12 orc wizards
  4 hell rats (D:6)
  A mummy (D:8)
  4 gnolls
  3 adders
  15 river rats (D:6)
  A shadow imp (D:7)
  An ufetubus (D:5)
  3 worms
  5 dart slugs
  39 orcs
  4 bats
  7 endoplasms
  3 giant cockroaches
  3 goblins
  9 hobgoblins
  13 jackals
  14 kobolds
  4 quokkas
  6 ball pythons
  4 frilled lizards
  3 hobgoblin zombies (D:8)
  A kobold zombie (D:8)
  3 rats
  A butterfly (Lair:1)
360 creatures vanquished.

Vanquished Creatures (collateral kills)
  A komodo dragon (Lair:3)
  A bullfrog (Lair:3)
2 creatures vanquished.

Vanquished Creatures (others)
  A bush (Lair:3)
  15 fungi
  24 plants
  28 withered plants (Gauntlet)
68 creatures vanquished.

Grand Total: 430 creatures vanquished

Notes
Turn   | Place    | Note
-------+----------+-------------------------------------------
     0 | D:1      | Shayle the Naga Ice Elementalist began the quest for the
                  | Orb.
     0 | D:1      | Reached XP level 1. HP: 15/15 MP: 3/3
   400 | D:1      | Reached XP level 2. HP: 23/24 MP: 5/5
   523 | D:1      | Reached XP level 3. HP: 11/30 MP: 6/6
   662 | D:1      | Learned a level 3 spell: Frozen Ramparts
   803 | D:1      | Found a faded altar of an unknown god.
   825 | D:1      | Reached skill level 1 in Fighting
   848 | D:1      | Found Ceamur's Jewellery Emporium.
  1258 | D:2      | Found a sacrificial altar of Ru.
  1800 | D:2      | Reached XP level 4. HP: 38/38 MP: 7/7
  2184 | D:3      | Identified the +1 leather armour of the Endless Expanse
                  | {Rampage rN+ Int+4 Dex+2}
  2283 | D:3      | Noticed Grinder
  2364 | D:3      | Learned a level 3 spell: Ozocubu's Armour
  2368 | D:3      | Paralysed by Grinder for 4 turns
  2382 | D:3      | Paralysed by Grinder for 5 turns
  2393 | D:3      | Paralysed by Grinder for 2 turns
  2410 | D:3      | Paralysed by Grinder for 2 turns
  2415 | D:3      | Paralysed by Grinder for 2 turns
  2421 | D:3      | Paralysed by Grinder for 4 turns
  2431 | D:3      | Paralysed by Grinder for 4 turns
  2436 | D:3      | Paralysed by Grinder for 4 turns
  2456 | D:3      | Paralysed by Grinder for 2 turns
  2460 | D:3      | Paralysed by Grinder for 2 turns
  2472 | D:3      | Paralysed by Grinder for 3 turns
  2486 | D:3      | Killed Grinder
  2487 | D:3      | Reached skill level 2 in Fighting
  2487 | D:3      | Reached skill level 5 in Stealth
  2487 | D:3      | Reached XP level 5. HP: 30/46 MP: 7/9
  2487 | D:3      | Reached XP level 6. HP: 36/54 MP: 7/10
  2733 | D:3      | Found a radiant altar of Vehumet.
  3249 | D:4      | Reached skill level 5 in Ice Magic
  3324 | D:4      | Found an iron altar of Okawaru.
  3337 | D:4      | Reached XP level 7. HP: 49/61 MP: 2/12
  3529 | D:4      | You fall into a shaft and drop 2 floors!
  3530 | D:6      | Found a sparkling altar of Nemelex Xobeh.
  3542 | D:5      | Entered Level 5 of the Dungeon
  3546 | D:5      | Reached skill level 3 in Fighting
  3821 | D:5      | Found a staircase to the Ecumenical Temple.
  3835 | Temple   | Entered the Ecumenical Temple
  4351 | D:5      | Reached XP level 8. HP: 70/70 MP: 14/14
  4521 | D:5      | Identified the +0 whip "Akkutuh" {flame, rPois}
  5172 | D:4      | Found a shimmering blue altar of Sif Muna.
  5174 | D:4      | Found a sacrificial altar of Ru.
  5176 | D:4      | Found a bloodstained altar of Trog.
  5327 | D:6      | Identified the +6 dagger of Impeachment {vorpal, +Blink rF+
                  | Will+ Int-3 Dex+7}
  5485 | D:6      | Reached skill level 4 in Fighting
  5787 | D:6      | Upgraded the game from 0.30-a0-29-g142975f185 to
                  | 0.30-a0-34-gbe8da3892a
  5807 | D:6      | Noticed a hornet
  5859 | D:6      | Killed a hornet
  6608 | D:6      | Learned a level 4 spell: Hailstorm
  6610 | D:6      | Found the +2 ratskin cloak {*Rats rPois rN+ Str-1 Int-1
                  | Dex+1}
  6618 | D:6      | Reached XP level 9. HP: 42/79 MP: 10/16
  6622 | D:6      | Reached skill level 5 in Spellcasting
  6622 | D:6      | Reached skill level 1 in Conjurations
  7188 | D:7      | Noticed a troll
  7195 | D:7      | Killed a troll
  7196 | D:7      | Reached skill level 5 in Fighting
  7611 | D:7      | Noticed Maggie
  7621 | D:7      | Noticed Menkaure
  7625 | D:7      | Killed Menkaure
  7650 | D:7      | Killed Maggie
  7943 | D:7      | Reached skill level 5 in Dodging
  8540 | D:8      | Noticed a hornet
  8548 | D:8      | Killed a hornet
  8635 | D:8      | Reached skill level 6 in Fighting
  8635 | D:8      | Reached XP level 10. HP: 52/91 MP: 13/19
  9442 | D:9      | Noticed Pikel
  9460 | D:8      | Killed Pikel
  9697 | Temple   | Became a worshipper of Gozag Ym Sagoz the Greedy
 10223 | D:9      | Reached skill level 5 in Conjurations
 10242 | D:9      | Reached skill level 7 in Fighting
 10673 | D:9      | Reached XP level 11. HP: 73/100 MP: 17/21
 10976 | D:9      | Noticed Joseph
 10993 | D:9      | Killed Joseph
 11198 | D:9      | Found Cumnynn's Demolitions Depot.
 11206 | D:9      | Bought a book of Storms for 416 gold pieces
 11718 | D:9      | Learned a level 4 spell: Airstrike
 11744 | D:10     | Entered Level 10 of the Dungeon
 11784 | D:10     | Noticed a two-headed ogre
 11799 | D:10     | Killed a two-headed ogre
 11800 | D:10     | Reached skill level 1 in Air Magic
 12067 | D:10     | Noticed Maurice
 12075 | D:10     | Killed Maurice
 12117 | D:10     | Noticed a brown ugly thing
 12128 | D:10     | Killed a brown ugly thing
 12131 | D:10     | Noticed an orc knight
 12160 | D:10     | HP: 4/102 [orc knight/+0 great mace (24)]
 12164 | D:10     | Killed an orc knight
 12687 | D:10     | Identified the +2 leather armour of Ashenzari, Hurling
                  | {+Blink +Inv rCorr Dex-5}
 12690 | D:10     | Reached skill level 8 in Fighting
 12804 | D:10     | Found a staircase to the Lair.
 12858 | Lair:1   | Entered Level 1 of the Lair of Beasts
 13042 | Lair:1   | You fall into a shaft and drop 1 floor!
 13078 | Lair:1   | Reached skill level 1 in Unarmed Combat
 13452 | Lair:1   | Learned a level 4 spell: Sticky Flame
 14199 | Lair:1   | Reached skill level 1 in Fire Magic
 14199 | Lair:1   | Reached XP level 12. HP: 43/112 MP: 18/22
 14659 | Lair:2   | Identified the +2 robe of the Black Moon {Will+}
 15194 | Lair:2   | Found a staircase to the Swamp.
 15605 | Lair:3   | Noticed a catoblepas
 15625 | Lair:3   | Reached skill level 9 in Fighting
 15913 | Lair:3   | Noticed a catoblepas
 15930 | Lair:3   | Killed a catoblepas
 16108 | Lair:2   | Killed a catoblepas
 16109 | Lair:2   | Reached skill level 5 in Air Magic
 16238 | D:10     | Found a broken altar of Ashenzari.
 16974 | D:11     | Noticed a seven-headed hydra
 17117 | D:11     | Killed a seven-headed hydra
 17144 | D:11     | Noticed a two-headed ogre
 17157 | D:11     | Killed a two-headed ogre
 17237 | D:11     | Found a gate leading to a gauntlet.
 17251 | Gauntlet | Entered a Gauntlet
 17251 | Gauntlet | Found a transporter.
 17259 | Gauntlet | Noticed a death scarab
 17263 | Gauntlet | Found a transporter.
 17265 | Gauntlet | Found a transporter.
 17267 | Gauntlet | Found a transporter.
 17269 | Gauntlet | Found a large runed translucent door.
 17269 | Gauntlet | Found a large runed translucent door.
 17280 | Gauntlet | Found a transporter.
 17295 | Gauntlet | Found a transporter.
 17297 | Gauntlet | Noticed a death scarab
 17303 | Gauntlet | Found a transporter.
 17319 | Gauntlet | Found a transporter.
 17320 | Gauntlet | Noticed a green death
 17338 | Gauntlet | Found a transporter.
 17341 | Gauntlet | Noticed a death scarab
 17346 | Gauntlet | Found a large runed translucent door.
 17347 | Gauntlet | Found a large runed translucent door.
 17348 | Gauntlet | Found a large runed translucent door.
 17348 | Gauntlet | Found a large runed translucent door.
 17349 | Gauntlet | Found a runed translucent gate.
 17350 | Gauntlet | Found a transporter.
 17350 | Gauntlet | Found a runed translucent gate.
 17351 | Gauntlet | Found a runed translucent gate.
 17352 | Gauntlet | Found a large runed translucent door.
 17352 | Gauntlet | Found a large runed translucent door.
 17353 | Gauntlet | Found a large runed translucent door.
 17354 | Gauntlet | Found a large runed translucent door.
 17362 | Gauntlet | Found a transporter.
 17374 | Gauntlet | Found a transporter.
 17386 | Gauntlet | Found a transporter.
 17389 | Gauntlet | Noticed a catoblepas
 17403 | Gauntlet | Found a transporter.
 17420 | Gauntlet | Found a transporter.
 17422 | Gauntlet | Found a transporter.
 17451 | Gauntlet | Found a transporter.
 17510 | Gauntlet | Found a large runed translucent door.
 17510 | Gauntlet | Found a large runed translucent door.
 17512 | Gauntlet | Found a transporter.
 17516 | Gauntlet | Found a large runed translucent door.
 17516 | Gauntlet | Found a large runed translucent door.
 17516 | Gauntlet | Found a runed translucent door.
 17516 | Gauntlet | Found a runed translucent door.
 17570 | Gauntlet | Identified the +1 lajatang of Buuqenia {vorpal, rElec rC+}
 17675 | Gauntlet | Identified the ring of Loluna {rC+ rCorr Str+3 Int-3 SInv}
 17677 | Gauntlet | Identified the +1 cloak of Follow the Leader {Regen+ rCorr
                  | Str-2 Int+5}
 17779 | Gauntlet | Identified the +0 acid dragon scales "Xyipp" {Rampage rElec
                  | rPois rCorr Str-4}
 17779 | Gauntlet | Identified the amulet of Xasobuw {rPois Regen+ Slay+3}
 17779 | Gauntlet | Noticed a minotaur
 17790 | Gauntlet | Killed a minotaur
 17791 | Gauntlet | Gained mutation: You can use your snake-like lower body to
                  | constrict enemies. [Naga growth]
 17791 | Gauntlet | Reached XP level 13. HP: 42/121 MP: 9/23
 18233 | D:11     | Reached skill level 5 in Unarmed Combat
 18272 | D:11     | Found a staircase to the Orcish Mines.
 18423 | D:11     | Noticed Grum
 18434 | D:11     | Killed Grum
 18768 | D:11     | Got the Handbook of the Wild Haggis
 18775 | D:11     | Learned a level 5 spell: Borgnjor's Vile Clutch
 19470 | D:12     | Noticed Psyche
 19479 | D:12     | Killed Psyche
 19872 | Lair:3   | Reached skill level 1 in Necromancy
 19872 | Lair:3   | Reached skill level 1 in Earth Magic
 19875 | Lair:3   | Reached skill level 1 in Armour
 19930 | Lair:3   | Reached skill level 10 in Fighting
 20204 | Lair:3   | Found a runed translucent gate.
 20204 | Lair:3   | Found a runed translucent gate.
 20204 | Lair:3   | Found a runed translucent gate.
 20205 | Lair:3   | Noticed Xiutytse's ghost (journeyman GnDe)
 20672 | Lair:3   | Killed from afar by an oklob plant

Illustrated notes

Levels and vault maps discovered:
D:1:      dpeg_arrival_water_temple_mockup, layout_basic, serial_shops,
          nicolae_shop_stone, hellmonk_ecumenical_altar_lost_god
D:2:      layout_loops_ring, basic_altar
D:3:      layout_rooms, nicolae_vehumet_altar_sigil, grunt_ministairs_13,
          minmay_misc_feat_roman, uniq_grinder
D:4:      layout_loops_ring, minitemple, mainiacjoe_overflow_24_doors,
          hangedman_minor_gate_pass
D:5:      layout_basic, minmay_temple_entry_steel_oval, minmay_fountain_box
D:6:      wander_guarded_unrand_ratskin, layout_basic, lemuel_doored_altar,
          minmay_stone_trees_small
D:7:      layout_basic, kennysheep_big_empty_room, chequers_jeans, uniq_maggie,
          uniq_menkaure
D:8:      layout_basic, minmay_misc_feat_diagonals, minmay_mini_ossuary
D:9:      layout_cave_pods, nicolae_blasting_shop, minivault_7, uniq_pikel,
          uniq_joseph
D:10:     layout_loops_corners, evilmike_ruin_ashenzari,
          erik_lair_orcish_takeover, minmay_bent, uniq_maurice
D:11:     layout_irregular_city, erik_orc_3, gauntlet_entry_generic,
          abandoned_shop, uniq_grum
D:12:     layout_loops_corners, serial_glass, glass_columns_a, glass_columns_a,
          uniq_nessos, uniq_psyche
Temple:   regret_index_temple_generic_petals
Lair:1:   layout_loops_ring, lemuel_fruit_fields
Lair:2:   layout_cave_shapes, minmay_swamp_entry_eels, guppyfry_lair_drakes
Lair:3:   nzn_motion_control, layout_concentric_octagons,
          spider_nest_entry_web_field, gammafunk_ghost_hydra_chop, dpeg_oklob_1,
          grunt_megastairs_5

Skill      XL: |  1  2  3  4  5  6  7  8  9 10 11 12 13 |
---------------+----------------------------------------+-----
Fighting       | 1 2 3 4 6 7 8 9 10 | 10.3
Dodging        | 2 3 4 5 6 7 8 |  8.4
Stealth        | 5 6 8 |  8.0
Spellcasting   | 3 4 6 7 |  7.1
Ice Magic      | 5 6 7 8 |  8.4
Conjurations   | 3 5 7 8 |  8.4
Air Magic      | 4 5 6 |  6.2
Unarmed Combat | 2 4 6 |  6.1
Fire Magic     | 1 4 |  4.5
Necromancy     | 3 |  3.0
Earth Magic    | 3 |  3.0
Armour         | 2 |  2.4

Action                   |  1- 3 |  4- 6 |  7- 9 | 10-12 | 13-15 || total
-------------------------+-------+-------+-------+-------+-------++-------
Melee: Unarmed           |    13 |       |       |       |       ||    13
       Short sword       |    76 |   105 |   262 |   310 |       ||   753
       Punch             |     2 |       |     5 |     8 |     2 ||    17
       Lajatang          |       |       |       |    13 |    56 ||    69
       Demon trident     |       |       |       |       |    51 ||    51
       Constrict         |       |       |       |       |    26 ||    26
 Cast: Freeze            |    20 |     1 |     7 |    12 |       ||    40
       Frozen Ramparts   |     2 |     6 |    24 |    68 |    15 ||   115
       Ozocubu's Armour  |       |     3 |    10 |    22 |     2 ||    37
       Hailstorm         |       |       |     1 |    23 |    17 ||    41
       Airstrike         |       |       |       |    24 |     3 ||    27
       Sticky Flame      |       |       |       |    11 |     1 ||    12
Invok: Call Merchant     |       |       |       |     1 |       ||     1
 Abil: Spit Poison       |    16 |     2 |     1 |    16 |     1 ||    36
Evoke: Wand              |       |       |       |     1 |       ||     1
  Use: Scroll            |     3 |     9 |    10 |     6 |     6 ||    34
       Potion            |       |     5 |     1 |    10 |     1 ||    17
 Stab: Sleeping          |     1 |     8 |    17 |     4 |     2 ||    32
       Distracted        |       |       |     1 |     2 |     3 ||     6
Armor: Robe              |    58 |     3 |       |       |       ||    61
       Leather armour    |       |    43 |   174 |   197 |    86 ||   500
       Skin              |       |    18 |       |       |       ||    18
Dodge: Dodged            |    75 |    49 |   196 |   256 |    87 ||   663
Block: Other             |       |       |       |    60 |    34 ||    94
       Reflection        |       |       |       |     1 |       ||     1

Table legend: (Time is in decaauts)
 A = Elapsed time spent in this place.
 B = Non-inter-level travel time spent in this place.
 C = Inter-level travel time spent in this place.
 D = Time resting spent in this place.
 E = Time spent auto-exploring this place.
 F = Levels seen in this place.
 G = Mean time per level.
                   A        B        C        D        E       F      G
               +--------+--------+--------+--------+--------+-----+--------+
         Total |  25040 |  23823 |   1217 |   4928 |  13210 |  17 | 1472.9 |
       Dungeon |  18709 |  17873 |    836 |   3080 |  10869 |  12 | 1559.1 |
        Temple |    464 |    297 |    167 |      0 |    288 |   1 |  464.0 |
          Lair |   4901 |   4688 |    213 |   1464 |   2038 |   3 | 1633.7 |
      Gauntlet |    965 |    965 |      0 |    384 |     14 |   1 |  965.0 |
               +--------+--------+--------+--------+--------+-----+--------+

Top non-repeatable levels by time:
     D:9: 2337 daAuts
    D:11: 2309 daAuts
    D:10: 2263 daAuts
  Lair:1: 2010 daAuts
     D:6: 1968 daAuts
     D:7: 1916 daAuts
  Lair:3: 1613 daAuts
     D:8: 1575 daAuts
     D:1: 1487 daAuts
  Lair:2: 1277 daAuts
     D:5: 1263 daAuts
     D:4: 1244 daAuts
     D:2: 1192 daAuts
     D:3: 1084 daAuts
Gauntlet: 965 daAuts
